 Dungeon Crawl Stone Soup version 0.29.1-15-g9cfb28693d (webtiles) character file.

Game seed: 8474009245303867100

722045 Cheops the Blood Saint (level 27, -1/511 HPs)
             Began as a Demonspawn Gladiator on Apr 14, 2023.
             Was the Champion of Makhleb.
             Slain by a Brimstone Fiend (5 damage)
             ... on level 7 of Gehenna on Apr 24, 2023.
             The game lasted 09:43:14 (114202 turns).

Cheops the Blood Saint (Demonspawn Gladiator)     Turns: 114202, Time: 09:43:15

Health: -1/511     AC: 41    Str: 17    XL:     27
Magic:  1/40       EV: 21    Int: 21    God:    Makhleb [******]
Gold:   2178       SH:  0    Dex: 29    Spells: 26/26 levels left

rFire   + + +      SeeInvis +   a - +9 triple sword "Xedysuj" {vorpal, Will+}
rCold   x . .      Faith    .   (shield currently unavailable)
rNeg    + + .      Spirit   .   j - +11 fire dragon scales of Hide-and-Seek {rF++ rC- rCorr Str-3 Int+4 SInv}
rPois   +          Reflect  .   (helmet unavailable)
rElec   +          Harm     .   h - +0 cloak of Vozxebu {Rampage Fly Will-}
rCorr   +          Rampage  +   f - +3 Mad Mage's Maulers {Infuse+∞ RegenMP Int-3}
Will    ++...      Clarity  +   y - +2 pair of boots of Free Expression {Int+4 Dex+2}
Stlth   ..........              A - amulet of Vitality {RegenMP++ Regen++}
HPRegen 2.55/turn               E - ring "Wikib" {rElec rPois rN+ Str+3 Dex+3}
MPRegen 1.47/turn               F - ring "Luys Enu Mih" {rPois rF++ rN+ Int+4}

@: berserking, lethally poisoned (-1 -> -1), weakened, flying, hasted, studying
Short Blades, unable to read, very quick
A: antennae 3, rugged brown scales 3, foul stench 3, icemail 2, robust 3,
condensation shield, clarity
}: 4/15 runes: serpentine, barnacled, slimy, silver
a: Renounce Religion, Minor Destruction, Lesser Servant of Makhleb, Major
Destruction, Greater Servant of Makhleb


You were on level 7 of Gehenna.
You worshipped Makhleb.
Makhleb was exalted by your worship.
You visited 14 branches of the dungeon, and saw 64 of its levels.
You visited 1 bazaar.
You also visited: Ossuary and Gauntlet.

You collected 10167 gold pieces.
You spent 7989 gold pieces at shops.

Inventory:

Hand Weapons
 a - the +9 triple sword "Xedysuj" (weapon) {vorpal, Will+}
   (You found it on level 5 of the Lair of Beasts)

   It inflicts extra damage upon your enemies.
   Will:      It increases your willpower.
 b - the +3 long sword "Ziviq" {antimagic, rF+ rCorr Int+2}
   (You found it on level 1 of the Vaults)

   It reduces the magical energy of the wielder, and disrupts the spells and
   magical abilities of those it strikes.
   Natural abilities and divine invocations are not affected.
   Int:       It affects your intelligence (+2).
   rF:        It protects you from fire.
   rCorr:     It protects you from acid and corrosion.
 c - a +4 great sword of flaming
Missiles
 N - 13 silver boomerangs
Armour
 f - the +3 Mad Mage's Maulers (worn) {Infuse+∞ RegenMP Int-3}
   (You found it in a Gauntlet)

   It empowers its wearer's blows with all of their magic.
   It causes its wearer's magical reserves to regenerate more quickly.
   Int:       It affects your intelligence (-3).
 g - the +1 cloak "Teigh" {rF+ rC+ Str+3 SInv}
   (You found it on level 1 of the Depths)

   Str:       It affects your strength (+3).
   rF:        It protects you from fire.
   rC:        It protects you from cold.
   SInv:      It lets you see invisible.
 h - the +0 cloak of Vozxebu (worn) {Rampage Fly Will-}
   (You bought it in a shop on level 1 of the Orcish Mines)

   Fly:       It grants you flight.
   Rampage:   It bestows one free step when moving towards enemies.
   Will:      It decreases your willpower.
 j - the +11 fire dragon scales of Hide-and-Seek (worn) {rF++ rC- rCorr Str-3 Int+4 SInv}
   (You bought it in a shop on level 1 of the Orcish Mines)

   Str:       It affects your strength (-3).
   Int:       It affects your intelligence (+4).
   rF:        It greatly protects you from fire.
   rC:        It makes you vulnerable to cold.
   SInv:      It lets you see invisible.
   rCorr:     It protects you from acid and corrosion.
 q - +0 ice dragon scales
 w - a +2 buckler of reflection
 y - the +2 pair of boots of Free Expression (worn) {Int+4 Dex+2}
   (You bought it in a shop on level 2 of the Vaults)

   Int:       It affects your intelligence (+4).
   Dex:       It affects your dexterity (+2).
 X - the +8 plate armour of Contentment {Str+5 Int+2 Slay+2}
   (You found it in a Gauntlet)

   Str:       It affects your strength (+5).
   Int:       It affects your intelligence (+2).
   Slay:      It affects your accuracy & damage with ranged weapons and melee
   (+2).
Jewellery
 A - the amulet of Vitality (around neck) {RegenMP++ Regen++}
   (You bought it in a shop on level 3 of the Elven Halls)

   [amulet of magic regeneration]

   It increases your rate of magic regeneration.
   Regen:     It increases your rate of health regeneration.
 B - the necklace of Bloodlust {*Rage Will++ Int-3 Slay+6}
   (You found it on level 1 of the Depths)

   [amulet of nothing]

   It extends the wearer's berserk rage when killing foes.
   Int:       It affects your intelligence (-3).
   Slay:      It affects your accuracy & damage with ranged weapons and melee
   (+6).
   *Rage:     It berserks you when you make melee attacks (+50% chance).
   Will:      It greatly increases your willpower.
 C - the amulet "Cujya" {Spirit rN+ Regen+ rCorr Int+3}
   (You took it off a deep elf archer on level 3 of the Elven Halls)

   [amulet of guardian spirit]

   It causes incoming damage to be divided between your reserves of health and
   magic.
   Int:       It affects your intelligence (+3).
   rN:        It protects you from negative energy.
   Regen:     It increases your rate of health regeneration.
   rCorr:     It protects you from acid and corrosion.
 D - an amulet of reflection
 E - the ring "Wikib" (left hand) {rElec rPois rN+ Str+3 Dex+3}
   (You found it on level 3 of the Crypt)

   [ring of positive energy]

   Str:       It affects your strength (+3).
   Dex:       It affects your dexterity (+3).
   rElec:     It insulates you from electricity.
   rPois:     It protects you from poison.
   rN:        It protects you from negative energy.
 F - the ring "Luys Enu Mih" (right hand) {rPois rF++ rN+ Int+4}
   (You took it off a minotaur in a Gauntlet)

   [ring of positive energy]

   Int:       It affects your intelligence (+4).
   rF:        It greatly protects you from fire.
   rPois:     It protects you from poison.
   rN:        It protects you from negative energy.
 G - the ring "Qeytest" {Fire Fly Str+4 Stlth+}
   (You bought it in a shop on level 5 of the Vaults)

   [ring of fire]

   It enhances your fire magic.
   Str:       It affects your strength (+4).
   rF:        It protects you from fire.
   rC:        It makes you vulnerable to cold.
   Fly:       It grants you flight.
   Stlth:     It makes you more stealthy.
 H - the ring "Hanihea" {+Blink rF++ MP+9}
   (You found it on level 3 of the Crypt)

   [ring of magical power]

   rF:        It greatly protects you from fire.
   MP:        It affects your magic capacity (+9).
   +Blink:    It lets you blink.
 I - the ring of the Middle {Ice rPois rN+ Dex+4 Slay-2}
   (You took it off Josephina on level 3 of the Depths)

   [ring of ice]

   It enhances your ice magic.
   Dex:       It affects your dexterity (+4).
   Slay:      It affects your accuracy & damage with ranged weapons and melee
   (-2).
   rF:        It makes you vulnerable to fire.
   rC:        It protects you from cold.
   rPois:     It protects you from poison.
   rN:        It protects you from negative energy.
 J - a ring of protection from cold
 K - a ring of willpower
Wands
 n - a wand of charming (59)
 p - a wand of digging (16)
 z - a wand of polymorph (21)
 R - a wand of roots (55)
 V - a wand of mindburst (30)
 Z - a wand of quicksilver (10)
Scrolls
 o - 12 scrolls of teleportation
 u - 5 scrolls of blinking
 L - 14 scrolls of fear
 M - 10 scrolls of magic mapping
 O - 7 scrolls of butterflies
 P - 2 scrolls of summoning
 Q - 3 scrolls of silence
Potions
 d - 4 potions of cancellation
 e - 5 potions of might
 l - 20 potions of curing
 m - 2 potions of heal wounds
 s - 2 potions of haste
 t - 3 potions of berserk rage
 x - 2 potions of resistance
 T - 14 potions of mutation
 W - 15 potions of lignification
Miscellaneous
 i - a phantom mirror
 k - the horn of Geryon
 r - a lightning rod (4/4)
 v - a box of beasts
 S - a phial of floods
 U - a piece from Xom's chessboard (15/15)
 Y - a condenser vane


   Skills:
 O Level 27 Fighting
 + Level 25.5 Long Blades
 - Level 16.0 Throwing
 - Level 23.8 Armour
 - Level 13.0 Dodging
 - Level 4.2 Stealth
 - Level 2.0 Shields
 O Level 27 Invocations
 - Level 18.3 Evocations


You had 26 spell levels left.
You didn't know any spells.
Your spell library contained the following spells:

 Spells                   Type           Power      Damage    Failure   Level
 Apportation              Tloc           0%         N/A       36%         1
 Beastly Appendage        Tmut           0%         N/A       36%         1
 Foxfire                  Conj/Fire      0%         2x1d4     36%         1
 Shock                    Conj/Air       0%         1d3       36%         1
 Slow                     Hex            0%         N/A       36%         1
 Sting                    Tmut/Pois      0%         1d3       36%         1
 Blink                    Tloc           0%         N/A       50%         2
 Ensorcelled Hibernation  Hex/Ice        0%         N/A       50%         2
 Passwall                 Tmut/Erth      0%         N/A       50%         2
 Poisonous Vapours        Pois/Air       0%         N/A       50%         2
 Scorch                   Fire           0%         2d5       50%         2
 Static Discharge         Conj/Air       0%         3-3/arc   50%         2
 Sublimation of Blood     Necr           0%         N/A       50%         2
 Wereblood                Tmut           0%         N/A       50%         2
 Call Canine Familiar     Summ           0%         N/A       73%         3
 Confusing Touch          Hex            0%         N/A       73%         3
 Conjure Flame            Conj/Fire      0%         6-21      73%         3
 Dazzling Flash           Conj/Hex       0%         N/A       73%         3
 Frozen Ramparts          Ice            0%         1d1       73%         3
 Gell's Gravitas          Tloc           0%         N/A       73%         3
 Ignite Poison            Fire/Tmut/Pois 0%         N/A       73%         3
 Inner Flame              Hex/Fire       0%         N/A       73%         3
 Lesser Beckoning         Tloc           0%         N/A       73%         3
 Mephitic Cloud           Conj/Pois/Air  0%         N/A       73%         3
 Ozocubu's Armour         Ice            0%         N/A       73%         3
 Portal Projectile        Hex/Tloc       0%         N/A       73%         3
 Spider Form              Tmut/Pois      0%         N/A       73%         3
 Stone Arrow              Conj/Erth      0%         3d7       73%         3
 Swiftness                Air            0%         N/A       73%         3
 Teleport Other           Tloc           0%         N/A       73%         3
 Tukima's Dance           Hex            0%         N/A       73%         3
 Vampiric Draining        Necr           0%         2d6       73%         3
 Airstrike                Air            0%         2d(0-16)  98%         4
 Anguish                  Hex/Necr       0%         N/A       98%         4
 Animate Armour           Summ/Erth      0%         N/A       98%         4
 Cause Fear               Hex            0%         N/A       98%         4
 Corpse Rot               Necr/Pois/Air  0%         N/A       98%         4
 Dispel Undead            Necr           0%         3d6       98%         4
 Flame Wave               Conj/Fire      0%         2d4       98%         4
 Fulminant Prism          Conj/Hex       0%         3d6       98%         4
 Hailstorm                Conj/Ice       0%         3d3       98%         4
 Ice Form                 Ice/Tmut       0%         N/A       98%         4
 Iskenderun's Mystic Bla  Conj/Tloc      0%         2d3       98%         4
 Leda's Liquefaction      Hex/Erth       0%         N/A       98%         4
 Olgreb's Toxic Radiance  Pois           0%         N/A       98%         4
 Passage of Golubria      Tloc           0%         N/A       98%         4
 Petrify                  Tmut/Erth      0%         N/A       98%         4
 Sticky Flame             Conj/Fire      0%         2d3       98%         4
 Summon Ice Beast         Ice/Summ       0%         N/A       98%         4
 Alistair's Intoxication  Tmut/Pois      0%         N/A       100%        5
 Blade Hands              Tmut           0%         N/A       100%        5
 Borgnjor's Vile Clutch   Necr/Erth      0%         N/A       100%        5
 Fireball                 Conj/Fire      0%         3d3       100%        5
 Freezing Cloud           Conj/Ice/Air   0%         6-21      100%        5
 Irradiate                Conj/Tmut      0%         3d11      100%        5
 Iskenderun's Battlesphe  Conj           0%         2d6       100%        5
 Lee's Rapid Deconstruct  Erth           0%         3d5*      100%        5
 Lightning Bolt           Conj/Air       0%         1d11      100%        5
 Manifold Assault         Tloc           0%         N/A       100%        5
 Metabolic Englaciation   Hex/Ice        0%         N/A       100%        5
 Silence                  Hex/Air        0%         N/A       100%        5
 Yara's Violent Unravell  Hex/Tmut       0%         3d3       100%        5
 Conjure Ball Lightning   Conj/Air       0%         3x3d6     100%        6
 Dispersal                Tloc           0%         N/A       100%        6
 Eringya's Noxious Bog    Tmut/Pois      0%         N/A       100%        6
 Iron Shot                Conj/Erth      0%         9d1       100%        6
 Simulacrum               Ice/Necr       0%         N/A       100%        6
 Starburst                Conj/Fire      0%         6d3       100%        6
 Statue Form              Tmut/Erth      0%         N/A       100%        6
 Dragon Form              Tmut           0%         N/A       100%        7
 Enfeeble                 Hex            0%         N/A       100%        7
 Malign Gateway           Summ/Tloc      0%         N/A       100%        7
 Orb of Destruction       Conj           0%         9d5       100%        7
 Spellforged Servitor     Conj/Summ      0%         N/A       100%        7
 Summon Hydra             Summ           0%         N/A       100%        7
 Discord                  Hex            0%         N/A       100%        8
 Disjunction              Tloc           0%         N/A       100%        8
 Ignition                 Fire           0%         3d3       100%        8
 Infestation              Necr           0%         N/A       100%        8
 Lehudib's Crystal Spear  Conj/Erth      0%         10d2      100%        8
 Maxwell's Capacitive Co  Air            0%         ∞         100%        8
 Necromutation            Tmut/Necr      0%         N/A       100%        8
 Summon Horrible Things   Summ           0%         N/A       100%        8
 Chain Lightning          Conj/Air       0%         N/A       100%        9
 Dragon's Call            Summ           0%         N/A       100%        9
 Fire Storm               Conj/Fire      0%         5d1       100%        9
 Polar Vortex             Ice            0%         N/A       100%        9


Dungeon Overview and Level Annotations

Branches:
Dungeon (15/15)            Temple (1/1) D:5            Lair (5/5) D:10
 Shoals (4/4) Lair:2        Snake (4/4) Lair:2        Slime (5/5) Lair:5
    Orc (2/2) D:12            Elf (3/3) Orc:2        Vaults (5/5) D:13
  Crypt (3/3) Vaults:2       Tomb (0/3) Crypt:3      Depths (4/4) D:15
   Hell (visited)             Dis (0/7) Hell            Geh (7/7) Hell
    Coc (0/7) Hell            Tar (0/7) Hell            Zot (5/5) Depths:4
Ossuary (visited)         Gauntlet (visited)

Altars:
Ashenzari
Cheibriados
Dithmenos
Fedhas
Gozag
Hepliaklqana
Kikubaaqudgha
Makhleb
Nemelex Xobeh
Okawaru
Qazlal
Ru
Sif Muna
Trog
Uskayaw
Vehumet
Wu Jian
Xom
Jiyva

Shops:
D:15 =   Orc:1 [   Orc:2 (![(   Elf:1 !   Elf:2 [   Elf:3 =:=   Shoals:3 *
Snake:1 =!!?   Vaults:2 [:*[   Vaults:3 :=   Vaults:5 *

Portals:
Hell: Depths:1 Depths:2 Depths:3 Depths:4
Abyss: Depths:2 Depths:3
Pandemonium: Depths:2
Ziggurat: Depths:1

Annotations:
Geh:7 Asmodeus


Innate Abilities, Weirdness & Mutations

You have a pair of large antennae on your head. (SInv)
You are completely covered in rugged brown scales. (AC +3, +7% HP)
You frequently emit foul miasma when damaged in melee.
A meltable icy envelope protects you from harm. (AC +0)
You are extremely robust. (+30% HP)
A meltable shield of frost defends you. (SH +0)
You possess an exceptional clarity of mind.


Message History

You emit a cloud of foul miasma!
The Brimstone Fiend hits you but does no damage.
You slash Asmodeus!
Asmodeus is lightly wounded.
You are engulfed in blazing flames.
You resist. The balrug hits you but does no damage.
You are poisoned.
You hit Asmodeus.
Asmodeus is lightly wounded.
You are engulfed in blazing flames.
You resist.
You feel sick. The balrug hits you but does no damage.
The Brimstone Fiend calls on the powers of darkness!
Your body is wracked with pain!
* * * LOW HITPOINT WARNING * * *
Asmodeus completely misses you.
The Brimstone Fiend calls on the powers of darkness!
Your body is wracked with pain!
* * * LOW HITPOINT WARNING * * *
You are too berserk!
You slice Asmodeus!!
Asmodeus is lightly wounded.
You are engulfed in blazing flames.
You resist.
You feel sick.
You slash Asmodeus!
Asmodeus is lightly wounded.
You are engulfed in blazing flames.
You resist.
You feel sick. The balrug gestures at you.
The fireball explodes!
The fireball engulfs you. You resist.
* * * LOW HITPOINT WARNING * * *
The fireball engulfs the Brimstone Fiend.
The Brimstone Fiend completely resists.
The fireball engulfs Asmodeus.
Asmodeus completely resists.
The fireball engulfs the balrug.
The balrug completely resists.
The fireball engulfs the Brimstone Fiend.
The Brimstone Fiend completely resists.
Asmodeus hits you with the +7 sceptre of Asmodeus!!
* * * LOW HITPOINT WARNING * * *
The Brimstone Fiend barely misses you.
The Brimstone Fiend hits you but does no damage. x2
The Brimstone Fiend hits you.
You die...

##############################
##############################
#######≈≈≈≈§§§§≈≈≈§≈≈≈≈≈§§≈§≈≈
#######≈≈≈≈≈≈≈≈≈≈≈≈≈≈.....§.).
#######≈≈≈...................§
#######§≈...1.........≈≈§.....
#######§≈..##@########≈≈≈≈§≈≈§
#######≈≈§.#&21#$$ #≈§≈≈≈≈§§
#######§≈§.○☼2..$. #≈≈≈≈§≈##
#######§§..#°..#$.. #≈≈≈≈≈§##
#######≈≈..##°##.$$$##≈§§§≈≈≈≈
#######≈≈..#$2$. #'###§§§≈§§≈≈
#######≈§..#$..$# ).##§≈§§.≈≈≈
#######§§..#$..$'[ ?##§§≈##§§≈
#######≈≈..#{ $#. #≈§§##§§≈


You could see Asmodeus (clouds), 2 Brimstone Fiends, 2 balrugs and a hellion
(summoned).

Vanquished Creatures
  11 dread liches
  2 orbs of fire
  3 ancient liches
  Mara (Vaults:3)
  A juggernaut (Depths:1)
  Boris (thrice) (Vaults:3 Vaults:4 Crypt:1)
  Josephina (Depths:3)
  Sojobo (Vaults:3)
  The ghost of Heoriaro the Bludgeoner, a legendary GnFi of Cheibriados (Zot:5)
  8 Killer Klowns
  Vv (Zot:3)
  3 curse toes
  3 caustic shrikes
  A profane servitor (Crypt:3)
  Jory (Crypt:3)
  Geryon (Hell)
  12 golden dragons
  2 bone dragons
  7 Brimstone Fiends
  15 hellephants
  2 electric golems
  24 tentacled monstrosities
  17 searing wretches
  Mlioglotl (Snake:4)
  A tainted leviathan (Hell)
  22 Orb Guardians (Zot:5)
  7 liches
  A deep elf master archer (Elf:3)
  5 titans
  Murray (Hell)
  11 death cobs
  A deep elf blademaster (Elf:3)
  8 quicksilver dragons
  An ancient champion (Crypt:3)
  A kraken (Shoals:1)
  21 acid blobs
  7 sphinxes
  16 shadow dragons
  16 storm dragons
  3 revenants
  5 tengu reavers
  Agnes (Snake:3)
  15 rockslimes
  5 draconian monks
  5 draconian knights
  13 azure jellies
  10 nagarajas
  21 fire giants
  A frost giant (shapeshifter) (Depths:4)
  4 iron dragons
  12 frost giants
  Louise (Depths:3)
  An azure jelly (shapeshifter) (Zot:2)
  23 balrugs
  21 vault wardens
  Aizul (Snake:4)
  2 ghost moths
  3 orc warlords
  An angel (D:9)
  9 deep elf sorcerers
  8 draconian scorchers
  7 draconian shifters
  15 ironbound preservers
  A ghoul (Crypt:3)
  4 spriggan defenders
  5 deep elf elementalists (Elf:3)
  3 draconian stormcallers
  17 quicksilver oozes
  5 draconian annihilators
  5 reapers
  4 war gargoyles
  20 stone giants
  11 ironbound thunderhulks
  13 vampire knights
  11 green draconians
  10 deep elf demonologists
  27 very ugly things
  2 entropy weavers (Vaults:1)
  A minotaur (Gauntlet)
  6 dire elephants (Vaults:4)
  2 putrid mouths
  21 black draconians
  A bunyip (shapeshifter) (Elf:2)
  10 purple draconians
  12 white draconians
  21 yellow draconians
  6 deep elf annihilators
  A blizzard demon (Hell)
  12 red draconians
  3 iron golems
  2 eidola (Crypt:2)
  2 merfolk javelineers (Shoals:4)
  8 deep elf death magi
  12 ettins
  10 fire dragons
  19 yaktaur captains
  14 great orbs of eyes
  19 jiangshi
  9 deep elf high priests
  5 merfolk impalers
  4 boulder beetles
  8 spriggan air magi
  2 juggernaut simulacra (Depths:3)
  43 vault guards
  A caustic shrike simulacrum (Depths:3)
  A rakshasa (D:13)
  5 hell beasts
  2 catoblepae
  9 hydras
  8 ironbound frosthearts
  2 merfolk avatars (Shoals:4)
  3 ogre magi
  5 stokers
  8 two-headed ogres
  24 naga warriors
  18 salamander tyrants
  8 ice dragons
  14 anacondas
  30 centaur warriors
  27 dancing weapons
  7 merfolk aquamancers
  4 death knights
  4 satyrs
  7 vampire magi
  6 deep troll earth magi
  9 deep troll shamans
  9 tengu warriors
  50 hell hogs
  2 orc high priests (Orc:2)
  2 spriggan berserkers (Depths:1)
  Urug (Lair:3)
  8 death yaks (Lair:5)
  4 shock serpents
  13 naga sharpshooters
  21 deep elf knights
  2 soul eaters
  6 spriggans
  4 hell knights
  15 sun demons
  A titan skeleton (Crypt:3)
  12 iron trolls
  A goliath frog (shapeshifter) (Depths:3)
  4 salamander mystics
  31 skeletal warriors
  4 flayed ghosts
  A sixfirhy (D:8)
  7 naga ritualists
  2 glowing orange brains
  14 wizards
  45 deep trolls
  17 sea snakes
  15 deep elf archers
  13 ironbound convokers
  11 lindwurms
  6 necromancers
  5 orc knights
  12 mana vipers
  An orc sorcerer (Orc:2)
  64 ugly things
  5 phantasmal warriors
  27 deep elf zephyrmancers
  22 harpies
  A wolf spider (D:14)
  An oklob plant (Gauntlet)
  18 deep elf pyromancers
  8 cyclopes
  5 shining eyes
  The ghost of Imhoden the Frost Mage, a novice MfIE of Sif Muna (D:5)
  18 salamanders
  18 manticores
  36 moths of wrath
  19 fauns
  5 rust devils
  11 elephants (Lair:5)
  4 eyes of devastation
  7 guardian serpents
  6 merfolk sirens
  34 black mambas
  Maurice (D:8)
  10 vault sentinels
  3 torpor snails
  7 water nymphs
  17 smoke demons
  A centaur skeleton (Crypt:3)
  15 molten gargoyles
  25 naga magi
  6 cane toads
  A grey draconian zombie (Crypt:1)
  An unseen horror zombie (Crypt:1)
  An orange demon (Depths:2)
  6 hellions
  3 rime drakes
  A white draconian zombie (Crypt:2)
  6 freezing wraiths
  8 komodo dragons
  3 tormentors
  An anaconda simulacrum (Crypt:3)
  10 tengu conjurers
  41 yaktaurs
  2 elves (Vaults:2)
  3 ice devils
  2 red devils
  A yellow draconian skeleton (Crypt:1)
  A silent spectre (Depths:1)
  5 polar bears
  8 trolls
  A tarantella (Vaults:5)
  2 iron troll skeletons (Crypt:2)
  7 wind drakes
  21 merfolk
  6 hornets
  122 slime creatures
  7 snapping turtles
  A sphinx simulacrum (Depths:3)
  16 blink frogs
  11 dream sheep
  Sigmund (D:2)
  70 flying skulls
  A snapping turtle (shapeshifter) (Vaults:5)
  6 shadows
  A vampire (D:11)
  18 wraiths
  2 spriggans (shapeshifter)
  20 water elementals
  An air elemental (Elf:3)
  5 wyverns
  33 yaks
  5 fire elementals
  A human (Vaults:2)
  6 redbacks
  12 golden eyes
  7 basilisks
  3 two-headed ogre zombies
  A steam dragon (Lair:2)
  3 wargs (Orc:2)
  4 vampire mosquitoes
  56 nagas
  4 acid dragons
  22 water moccasins
  A floating eye (Zot:3)
  A cane toad zombie (Crypt:1)
  A faun skeleton (Crypt:2)
  A dream sheep zombie (Crypt:1)
  2 ice beasts
  39 orc warriors
  5 black bears
  A sky beast (D:7)
  A floating eye zombie (Crypt:2)
  A blink frog zombie (Crypt:2)
  8 ogres
  29 wolves
  11 centaurs
  2 phantoms
  Blork the orc (D:6)
  12 bullfrogs
  A gnoll sergeant (D:11)
  3 scorpions (D:5)
  2 earth elementals
  4 necrophages (Crypt:3)
  9 wights
  11 killer bees
  3 howler monkeys
  An electric eel (Lair:4)
  A wolf skeleton (Crypt:1)
  4 small abominations (Crypt:3)
  23 orc priests
  A basilisk zombie (Crypt:1)
  A gnoll bouda (D:9)
  3 hounds
  2 jellies
  Jessica (D:2)
  7 iguanas
  26 orc wizards
  A hound skeleton (Crypt:1)
  7 adders
  12 gnolls
  A white imp (D:7)
  An ufetubus (D:7)
  2 adder zombies (Ossuary)
  3 dart slugs
  A worm (D:5)
  111 orcs
  5 endoplasms
  3 giant cockroaches (D:2)
  2 goblins
  5 hobgoblins
  A quokka (D:2)
  6 ball pythons
  8 bats
  3 frilled lizards
  4 hobgoblin skeletons
  8 kobolds
  3 orc skeletons (Ossuary)
  7 rats
  A bush (D:14)
  8 creeping infernos
  14 fire vortices
  A plant (Shoals:1)
  2 tentacles (Shoals:1)
2774 creatures vanquished.

Vanquished Creatures (collateral kills)
  the Royal Jelly (Slime:5)
  An orb of fire (Zot:5)
  Frederick (Vaults:4)
  2 Killer Klowns (Zot:5)
  3 Orb Guardians (Zot:5)
  3 storm dragons
  A vault warden (Vaults:3)
  An anaconda (Snake:2)
  A naga sharpshooter (Snake:3)
  A shock serpent (Snake:2)
  A naga ritualist (Snake:3)
  2 deep trolls
  A moth of wrath (Zot:5)
  4 black mambas
  2 naga magi (Snake:3)
  2 ice devils (Hell)
  A slime creature (Vaults:3)
  3 nagas
  2 orc warriors (Orc:2)
  3 orcs (Elf:1)
  A tentacle (Shoals:1)
37 creatures vanquished.

Vanquished Creatures (others)
  A lich (Depths:1)
  A deep elf sorcerer (Depths:1)
  A deep elf knight (Elf:3)
  A deep elf zephyrmancer (Elf:2)
  A moth of wrath (Depths:1)
  A smoke demon (Hell)
  A hellion (Geh:6)
  A fire giant simulacrum (Depths:3)
  A vampire (D:10)
  An orc priest (D:9)
  An orc wizard (D:10)
  2 orcs (Elf:1)
  2 creeping infernos (Geh:6)
  5 fire vortices
  43 fungi
  411 plants
  10 tentacles (Shoals:1)
484 creatures vanquished.

Grand Total: 3295 creatures vanquished

Notes
Turn   | Place    | Note
-------+----------+-------------------------------------------
     0 | D:1      | Cheops the Demonspawn Gladiator began the quest for the
                  | Orb.
     0 | D:1      | Reached XP level 1. HP: 16/16 MP: 1/1
   657 | D:1      | Gained mutation: You may rarely emit foul miasma when
                  | damaged in melee. [demonic ancestry]
   657 | D:1      | Reached XP level 2. HP: 22/22 MP: 2/2
  1750 | D:2      | Reached XP level 3. HP: 27/27 MP: 3/3
  1761 | D:2      | Found a faded altar of an unknown god.
  1792 | D:2      | Noticed Sigmund
  2475 | D:3      | Identified the +5 dagger "Ox" {venom, +Blink Str+4}
  2764 | D:3      | Reached skill level 1 in Shields
  2923 | D:3      | Found a sparkling altar of Nemelex Xobeh.
  3305 | D:4      | Gained mutation: You sometimes emit foul miasma when
                  | damaged in melee. [demonic ancestry]
  3305 | D:4      | Reached XP level 4. HP: 19/33 MP: 4/4
  4134 | D:2      | Gained mutation: You are partially covered in rugged brown
                  | scales. (AC +1, +3% HP) [demonic ancestry]
  4134 | D:2      | Reached XP level 5. HP: 33/39 MP: 5/5
  4297 | D:2      | Noticed Jessica
  4301 | D:2      | Killed Jessica
  4540 | D:2      | Found a faded altar of an unknown god.
  4596 | D:2      | Killed Sigmund
  4597 | D:2      | Gained mutation: You are mostly covered in rugged brown
                  | scales. (AC +2, +5% HP) [demonic ancestry]
  4597 | D:2      | Reached XP level 6. HP: 39/46 MP: 6/6
  5204 | D:5      | Entered Level 5 of the Dungeon
  5217 | D:5      | Noticed an ice beast
  5229 | D:5      | Killed an ice beast
  5230 | D:5      | Gained mutation: You have a pair of small antennae on your
                  | head. [demonic ancestry]
  5230 | D:5      | Reached XP level 7. HP: 36/52 MP: 7/7
  5349 | D:5      | Found a staircase to the Ecumenical Temple.
  5464 | D:5      | Found a bloodstained altar of Trog.
  5564 | D:5      | Found a sand-covered staircase.
  5614 | Ossuary  | Entered an ossuary
  5899 | Ossuary  | Noticed a wraith
  5899 | Ossuary  | Noticed a flying skull
  5912 | Ossuary  | Noticed a flying skull
  5935 | Ossuary  | Noticed a flying skull
  5944 | Ossuary  | Noticed a wraith
  5968 | Ossuary  | Killed a wraith
  5969 | Ossuary  | Reached XP level 8. HP: 48/58 MP: 8/8
  6024 | Ossuary  | Noticed a flying skull
  6029 | Ossuary  | Noticed a flying skull
  6425 | D:5      | Noticed Imhoden's ghost (novice MfIE)
  6429 | D:5      | Found a runed translucent gate.
  6429 | D:5      | Found a runed translucent gate.
  6429 | D:5      | Found a runed translucent gate.
  6487 | D:5      | Found a stormy altar of Qazlal.
  6540 | D:5      | Reached skill level 10 in Long Blades
  7204 | D:6      | Noticed Blork the orc
  7213 | D:6      | Killed Blork the orc
  7543 | D:6      | Reached skill level 5 in Dodging
  7790 | D:7      | Gained mutation: You have a pair of antennae on your head.
                  | [demonic ancestry]
  7790 | D:7      | Reached XP level 9. HP: 64/64 MP: 9/9
  7915 | D:7      | Found a hide-covered altar of Uskayaw.
  7979 | Temple   | Entered the Ecumenical Temple
  8134 | D:7      | Noticed a deep elf pyromancer
  8267 | D:7      | Killed a deep elf pyromancer
  8520 | D:7      | Found a shadowy altar of Dithmenos.
  8979 | D:8      | Noticed Maurice
  9038 | D:8      | Killed Maurice
  9039 | D:8      | Gained mutation: A meltable shield of frost defends you.
                  | (SH +0) [demonic ancestry]
  9039 | D:8      | Reached XP level 10. HP: 46/70 MP: 10/10
  9212 | D:8      | Found Ziff's Book Emporium.
  9493 | D:8      | Found an ornate altar of the Wu Jian Council.
  9509 | D:8      | Found a runed translucent door.
  9510 | D:8      | Found a burning altar of Makhleb.
  9510 | D:8      | Noticed a sixfirhy
  9636 | D:8      | Killed a sixfirhy
  9640 | D:8      | Became a worshipper of Makhleb the Destroyer
  9989 | D:9      | Noticed a two-headed ogre
 10045 | D:9      | Noticed a two-headed ogre
 10086 | D:9      | Found a snail-covered altar of Cheibriados.
 10088 | D:9      | Found a broken altar of Ashenzari.
 10255 | D:9      | Noticed an angel
 10407 | D:10     | Entered Level 10 of the Dungeon
 10546 | D:10     | Reached * piety under Makhleb
 10570 | D:10     | Found a staircase to the Lair.
 11109 | D:10     | Noticed a cyclops
 11118 | D:10     | Killed a cyclops
 11119 | D:10     | Reached XP level 11. HP: 75/75 MP: 11/11
 11343 | D:9      | Killed a two-headed ogre
 11402 | D:9      | Killed a two-headed ogre
 11497 | D:11     | Noticed a two-headed ogre
 11498 | D:11     | Reached ** piety under Makhleb
 11530 | D:11     | Killed a two-headed ogre
 11548 | D:11     | Found a transporter.
 11553 | D:11     | Found a transporter.
 11590 | D:11     | Found a transporter.
 11595 | D:11     | Found a transporter.
 11613 | D:11     | Found a transporter.
 11615 | D:11     | Found a transporter.
 12149 | D:12     | Reached skill level 1 in Invocations
 12317 | D:12     | Found a staircase to the Orcish Mines.
 12385 | D:12     | Noticed a purple ugly thing
 12393 | D:12     | Killed a purple ugly thing
 12394 | D:12     | Reached skill level 5 in Invocations
 12394 | D:12     | Noticed a seven-headed hydra
 12401 | D:12     | Killed a three-headed hydra
 12427 | D:12     | Found Eblax's Vocational Training.
 12596 | D:12     | Reached *** piety under Makhleb
 12725 | D:12     | Noticed a seven-headed hydra
 12733 | D:12     | Killed a three-headed hydra
 12832 | D:13     | Noticed a five-headed hydra
 12840 | D:13     | Killed a one-headed hydra
 12904 | D:13     | Noticed a centaur warrior
 12905 | D:13     | Noticed a deep elf pyromancer
 12915 | D:13     | Killed a centaur warrior
 12923 | D:13     | Killed a deep elf pyromancer
 12952 | D:13     | Found a gate to the Vaults.
 12952 | D:13     | Noticed a tengu warrior
 12952 | D:13     | Noticed an ironbound preserver
 12952 | D:13     | Noticed a purple ugly thing
 12986 | D:13     | Killed a tengu warrior
 12987 | D:13     | Gained mutation: You are completely covered in rugged brown
                  | scales. (AC +3, +7% HP) [demonic ancestry]
 12987 | D:13     | Reached XP level 12. HP: 78/86 MP: 18/18
 13009 | D:13     | Killed an ironbound preserver
 13014 | D:13     | Reached skill level 5 in Fighting
 13082 | D:13     | Noticed a centaur warrior
 13082 | D:13     | Noticed a rakshasa
 13097 | D:13     | Killed a rakshasa
 13102 | D:13     | Killed a centaur warrior
 13567 | Lair:1   | Entered Level 1 of the Lair of Beasts
 13695 | Lair:1   | Reached **** piety under Makhleb
 14476 | Lair:2   | Found a staircase to the Shoals.
 14481 | Lair:2   | Reached skill level 10 in Fighting
 14747 | Lair:2   | Found a staircase to the Snake Pit.
 15128 | Lair:2   | Reached XP level 13. HP: 113/113 MP: 19/19
 15788 | Lair:3   | Noticed Urug
 15805 | Lair:3   | Killed Urug
 16506 | Lair:4   | Reached skill level 1 in Armour
 16918 | Lair:4   | Found a gate leading to a gauntlet.
 16954 | Gauntlet | Entered a Gauntlet
 16954 | Gauntlet | Found a transporter.
 16963 | Gauntlet | Found a transporter.
 16978 | Gauntlet | Found a transporter.
 16983 | Gauntlet | Found a transporter.
 16988 | Gauntlet | Found the +3 Mad Mage's Maulers {Infuse+∞ RegenMP Int-3}
 17008 | Gauntlet | Found a transporter.
 17017 | Gauntlet | Found a transporter.
 17029 | Gauntlet | Found a transporter.
 17041 | Gauntlet | Found a transporter.
 17053 | Gauntlet | Found a transporter.
 17065 | Gauntlet | Found a transporter.
 17071 | Gauntlet | Found a transporter.
 17071 | Gauntlet | Found a transporter.
 17110 | Gauntlet | Found a transporter.
 17137 | Gauntlet | Found a transporter.
 17157 | Gauntlet | Found a transporter.
 17253 | Gauntlet | Found a transporter.
 17253 | Gauntlet | Found a transporter.
 17355 | Gauntlet | Found a transporter.
 17508 | Gauntlet | Identified the +8 plate armour of Contentment {Str+5 Int+2
                  | Slay+2}
 17652 | Gauntlet | Reached ***** piety under Makhleb
 17675 | Gauntlet | Reached skill level 5 in Armour
 17891 | Gauntlet | Identified the ring "Luys Enu Mih" {rPois rF++ rN+ Int+4}
 17891 | Gauntlet | Noticed a minotaur
 17903 | Gauntlet | Killed a minotaur
 19100 | D:12     | Bought a manual of Invocations for 1120 gold pieces
 19275 | Lair:5   | Entered Level 5 of the Lair of Beasts
 19337 | Lair:5   | Reached skill level 10 in Invocations
 19417 | Lair:5   | Reached XP level 14. HP: 72/124 MP: 0/22
 19591 | Lair:5   | Found a staircase to the Slime Pits.
 19591 | Lair:5   | Found a viscous altar of Jiyva.
 20383 | Lair:5   | Reached skill level 15 in Invocations
 21142 | Lair:5   | Identified the +9 triple sword "Xedysuj" {vorpal, Will+}
 21471 | D:5      | Killed Imhoden's ghost
 21767 | Snake:1  | Entered Level 1 of the Snake Pit
 22352 | Snake:1  | Reached ****** piety under Makhleb
 22570 | Snake:1  | Found Nootexia's Distillery.
 22570 | Snake:1  | Found Pesme's Distillery.
 22571 | Snake:1  | Found Kosied's Magic Scroll Shoppe.
 22573 | Snake:1  | Found Zionisk's Jewellery Emporium.
 23702 | Snake:1  | Bought a scroll of identify for 24 gold pieces
 23707 | Snake:1  | Bought a potion of cancellation for 128 gold pieces
 23821 | Snake:1  | Got the Cyclopedia of the Turtledove
 24028 | Shoals:1 | Entered Level 1 of the Shoals
 24506 | Shoals:1 | Reached XP level 15. HP: 130/130 MP: 0/29
 24722 | Shoals:1 | Reached skill level 15 in Long Blades
 24936 | Shoals:1 | Noticed a kraken
 25365 | Shoals:1 | Killed a kraken
 25988 | Shoals:2 | Found a flickering gateway to a bazaar.
 26000 | Bazaar   | Entered a bazaar
 26000 | Bazaar   | Found Dirphaeg's Distillery.
 26000 | Bazaar   | Found Piogufuv's Book Emporium.
 26180 | Bazaar   | Found Ponlan's Jewellery Shoppe.
 26196 | Bazaar   | Found Suhodis's Book Emporium.
 26953 | Shoals:2 | Identified the +2 mace of the Pill Bug {vorpal, Fly Stlth+}
 29281 | Shoals:3 | Gained mutation: A meltable icy envelope protects you from
                  | harm. (AC +0) [demonic ancestry]
 29281 | Shoals:3 | Reached XP level 16. HP: 136/136 MP: 1/30
 29872 | Shoals:3 | Found Jealoeko's General Store.
 32262 | Snake:3  | Noticed Agnes
 32273 | Snake:3  | Killed Agnes
 33449 | Shoals:4 | Entered Level 4 of the Shoals
 34317 | Shoals:3 | Gained mutation: You are robust. (+10% HP) [demonic
                  | ancestry]
 34317 | Shoals:3 | Reached XP level 17. HP: 130/156 MP: 1/31
 35852 | Shoals:4 | Got a barnacled rune of Zot
 36150 | Snake:4  | Entered Level 4 of the Snake Pit
 36417 | Snake:4  | Noticed Aizul
 36428 | Snake:4  | Killed Aizul
 38384 | Snake:4  | Noticed Mlioglotl
 38396 | Snake:4  | Killed Mlioglotl
 38461 | Snake:4  | Got a serpentine rune of Zot
 38675 | Orc:1    | Entered Level 1 of the Orcish Mines
 38748 | Orc:1    | Found Efoof's Antique Armour Shop.
 38822 | Orc:1    | Bought a steaming cloak for 294 gold pieces
 38822 | Orc:1    | Identified the +0 cloak of Vozxebu {Rampage Fly Will-} (You
                  | bought it in a shop on level 1 of the Orcish Mines)
 38923 | Orc:2    | Entered Level 2 of the Orcish Mines
 39083 | Orc:2    | Found a shimmering altar of Xom.
 39419 | Orc:2    | Found a staircase to the Elven Halls.
 39510 | Orc:2    | Reached skill level 10 in Armour
 39850 | Orc:2    | Found Vual's Weapon Shop.
 40528 | Orc:2    | Found Exoinokla's Antique Weapon Boutique.
 40536 | Orc:2    | Found Cooti's Antique Armour Shop.
 40583 | Orc:2    | Bought a fading long sword for 212 gold pieces
 40583 | Orc:2    | Identified the +5 long sword of the Unseen Realm {vorpal,
                  | rN+ Str+4} (You bought it in a shop on level 2 of the
                  | Orcish Mines)
 40612 | Orc:2    | Gained mutation: You have a pair of large antennae on your
                  | head. (SInv) [demonic ancestry]
 40612 | Orc:2    | Reached XP level 18. HP: 152/164 MP: 0/32
 40741 | Orc:2    | Found Xotu's Distillery.
 40955 | Vaults:1 | Entered Level 1 of the Vaults
 41088 | Orc:2    | Bought an embroidered scarf for 232 gold pieces
 42352 | Vaults:1 | Identified the +3 long sword "Ziviq" {antimagic, rF+ rCorr
                  | Int+2}
 43811 | Vaults:2 | Found Decleca's Book Boutique.
 43978 | Vaults:2 | Found Ixki Kex's Antique Armour Shoppe.
 43988 | Vaults:2 | Bought a pair of runed boots for 345 gold pieces
 44350 | Vaults:2 | Noticed a bone dragon
 44360 | Vaults:2 | Killed a bone dragon
 44361 | Vaults:2 | Reached skill level 15 in Armour
 44411 | Vaults:2 | Found a staircase to the Crypt.
 44781 | Vaults:2 | Gained mutation: You are very robust. (+20% HP) [demonic
                  | ancestry]
 44781 | Vaults:2 | Reached XP level 19. HP: 166/187 MP: 0/33
 45001 | Vaults:2 | Found Qeashumo's Armour Shoppe.
 45008 | Vaults:2 | Bought the +2 pair of boots of Free Expression {Int+4
                  | Dex+2} for 579 gold pieces
 45258 | Vaults:2 | Found Zamusoun's General Store.
 45627 | Vaults:3 | Noticed Boris
 45635 | Vaults:3 | Killed Boris
 45710 | Vaults:3 | Noticed Mara
 45715 | Vaults:3 | Killed Mara
 45890 | Vaults:3 | Reached skill level 5 in Evocations
 45893 | Vaults:3 | Noticed Sojobo
 45897 | Vaults:3 | Noticed a dread lich
 45923 | Vaults:3 | Killed a dread lich
 45923 | Vaults:3 | Paralysed by an air elemental for 1 turns
 46199 | Vaults:3 | Killed Sojobo
 46760 | Vaults:3 | Found Ynginucw's Jewellery Shoppe.
 47020 | Vaults:3 | Found Oqodimoe's Book Boutique.
 47305 | Vaults:3 | Reached skill level 10 in Evocations
 47868 | Vaults:4 | Noticed Frederick
 47877 | Vaults:4 | Killed Frederick
 47942 | Vaults:4 | Gained mutation: You frequently emit foul miasma when
                  | damaged in melee. [demonic ancestry]
 47942 | Vaults:4 | Reached XP level 20. HP: 174/201 MP: 1/34
 47979 | Vaults:4 | Reached skill level 10 in Dodging
 49271 | Vaults:4 | Noticed Boris
 49296 | Vaults:4 | Killed Boris
 51758 | Vaults:5 | Entered Level 5 of the Vaults
 51770 | Vaults:5 | Reached skill level 15 in Fighting
 52458 | Vaults:5 | Gained mutation: A meltable icy envelope protects you from
                  | harm. (AC +0) [demonic ancestry]
 52458 | Vaults:5 | Reached XP level 21. HP: 217/217 MP: 0/35
 52666 | Vaults:5 | Got Raogg's Compendium of the Airy Winter
 52667 | Vaults:5 | Identified the +3 long sword "Cicy" {vorpal, +Blink Will+}
 52671 | Vaults:5 | Identified the +11 war axe of Conscience {vorpal, Int+4
                  | SInv}
 52673 | Vaults:5 | Got the Directory of Freezing Striking
 52685 | Vaults:5 | Got Ceudex's Vademecum on Forceful Mortification
 52860 | Vaults:5 | Reached skill level 5 in Throwing
 53267 | Vaults:5 | Got a silver rune of Zot
 53967 | Vaults:5 | Found Ulloun's Assorted Antiques.
 53983 | Vaults:5 | Got Sif Muna's Treatise on Dynamic Spelunking
 53991 | Vaults:5 | Bought a wavering wooden ring for 120 gold pieces
 53991 | Vaults:5 | Identified the ring "Qeytest" {Fire Fly Str+4 Stlth+} (You
                  | bought it in a shop on level 5 of the Vaults)
 55051 | Elf:1    | Entered Level 1 of the Elven Halls
 55591 | Elf:1    | Found a runed translucent gate.
 55591 | Elf:1    | Found a runed translucent gate.
 55591 | Elf:1    | Found a runed translucent gate.
 55591 | Elf:1    | Found a runed translucent gate.
 55591 | Elf:1    | Found a runed translucent gate.
 55594 | Elf:1    | Found a runed translucent gate.
 56124 | Elf:1    | Found Kideulif's Distillery.
 56330 | Elf:2    | Found a runed translucent gate.
 56330 | Elf:2    | Found a runed translucent gate.
 56330 | Elf:2    | Found a runed translucent gate.
 56949 | Elf:2    | Found Zaehofec's Armour Shop.
 56987 | Elf:2    | Reached skill level 10 in Throwing
 57843 | Elf:3    | Entered Level 3 of the Elven Halls
 57895 | Elf:3    | Reached XP level 22. HP: 227/237 MP: 0/36
 58606 | Elf:3    | Paralysed by an air elemental for 1 turns
 58886 | Elf:3    | Identified the amulet "Cujya" {Spirit rN+ Regen+ rCorr
                  | Int+3}
 58968 | Elf:3    | Found Iguro's Jewellery Boutique.
 58969 | Elf:3    | Found Pice's Book Shoppe.
 58970 | Elf:3    | Found Orez's Jewellery Boutique.
 59017 | Elf:3    | Identified the +6 eveningstar "Keegaq" {flame, Int+5 Dex+3}
 60498 | Elf:3    | Identified the +0 spear of Siynuz {venom, Dex+4}
 60502 | Elf:3    | Got Horch's Parchment of Shadows
 61241 | Slime:1  | Entered Level 1 of the Pits of Slime
 66259 | Slime:5  | Entered Level 5 of the Pits of Slime
 66272 | Slime:5  | Reached XP level 23. HP: 248/248 MP: 1/37
 66910 | Slime:5  | Found a viscous altar of Jiyva.
 66912 | Slime:5  | Found the +10 zealot's sword {holy, *Rage rN+ EV+3}
 67111 | Slime:5  | Noticed the Royal Jelly
 67117 | Slime:5  | Killed the Royal Jelly
 67643 | Slime:5  | Got the Dissertation on Damaging Reformation
 67740 | Slime:5  | Got a slimy rune of Zot
 67792 | Slime:5  | Identified the +5 scale mail "Kovvea Nivy" {Str+2 Int+3}
 67815 | Slime:5  | Identified the +0 leather armour of the Gloaming {rElec
                  | rF++ MP-9 Stlth+}
 69404 | D:14     | You fall into a shaft and drop 1 floor!
 69404 | D:15     | Entered Level 15 of the Dungeon
 69769 | D:15     | Found Kezxuj's Jewellery Shoppe.
 70129 | D:14     | Identified the +5 flail of the Chewing Dove {spect, Fly rC+
                  | rN+}
 70948 | D:15     | Found a staircase to the Depths.
 72892 | Depths:1 | Entered Level 1 of the Depths
 72927 | Depths:1 | Found a gateway to Hell.
 73217 | Depths:1 | Found a one-way gateway to a ziggurat.
 74026 | Depths:1 | Found a transporter.
 74028 | Depths:1 | Identified the +1 cloak "Teigh" {rF+ rC+ Str+3 SInv}
 74047 | Depths:1 | Found a transporter.
 74055 | Depths:1 | Found a runed translucent door.
 74055 | Depths:1 | Found a bloodstained altar of Trog.
 74055 | Depths:1 | Noticed a juggernaut
 74055 | Depths:1 | Found the necklace of Bloodlust {*Rage Will++ Int-3 Slay+6}
 74074 | Depths:1 | Killed a juggernaut
 74505 | Depths:1 | Identified the +1 plate armour of Daisies {Rampage Dex+2}
 75460 | Depths:1 | Identified the +0 ring mail "Muipam" {rPois Int+4 Dex-4}
 76085 | Depths:1 | Found a one-way gateway to a ziggurat.
 76192 | Depths:1 | Found a gateway to Hell.
 76686 | Depths:1 | Found a transporter.
 76753 | Depths:1 | Found a transporter.
 76775 | Depths:1 | Found a bloodstained altar of Trog.
 76867 | Depths:1 | Gained mutation: You are extremely robust. (+30% HP)
                  | [demonic ancestry]
 76867 | Depths:1 | Reached XP level 24. HP: 248/279 MP: 1/38
 78168 | Depths:2 | Found a one-way gate leading to the halls of Pandemonium.
 78642 | Depths:2 | Found a one-way gate to the infinite horrors of the Abyss.
 79429 | Depths:2 | Identified the ring of Gaehis {Contam rElec rC+ Will-
                  | Int+5}
 79793 | Depths:3 | Identified the ring of the Middle {Ice rPois rN+ Dex+4
                  | Slay-2}
 79793 | Depths:3 | Noticed Josephina
 79805 | Depths:3 | Killed Josephina
 80137 | Depths:3 | Noticed Louise
 80154 | Depths:3 | Killed Louise
 80983 | D:12     | Bought a manual of Evocations for 1120 gold pieces
 82166 | Depths:4 | Entered Level 4 of the Depths
 82371 | Depths:4 | Identified the +0 chain mail "Itiqiosukou" {Int+3}
 82593 | Depths:4 | Found a broken altar of Ashenzari.
 83274 | Depths:4 | Found a gate to the Realm of Zot.
 83848 | Zot:1    | Entered Level 1 of the Realm of Zot
 83854 | Zot:1    | Reached XP level 25. HP: 289/289 MP: 1/38
 83859 | Zot:1    | Reached skill level 15 in Evocations
 86600 | Zot:2    | Noticed a Killer Klown
 86629 | Zot:2    | HP: 10/289 [Killer Klown/+10 club of freezing (13)]
 87175 | Zot:2    | Killed a Killer Klown
 89264 | Zot:3    | Identified a scroll of acquirement
 89272 | Zot:3    | Acquired the ring of Lemaick {rElec rPois Int+2 Stlth+}
 89984 | Zot:3    | Noticed Vv
 89995 | Zot:3    | Killed Vv
 90462 | Zot:3    | Noticed a dread lich
 90462 | Zot:3    | Noticed a dread lich
 90462 | Zot:3    | Noticed a dread lich
 90478 | Zot:2    | Reached XP level 26. HP: 294/298 MP: 1/39
 90569 | Zot:2    | Killed a dread lich
 90595 | Zot:2    | Killed a dread lich
 90624 | Zot:3    | Paralysed by a dread lich for 2 turns
 90639 | Zot:3    | Paralysed by a dread lich for 2 turns
 90653 | Zot:3    | Noticed a dread lich
 90660 | Zot:3    | Paralysed by a dread lich for 2 turns
 90667 | Zot:3    | Paralysed by a dread lich for 4 turns
 90998 | Zot:3    | Paralysed by a dread lich for 4 turns
 91017 | Zot:3    | Killed a dread lich
 91493 | Zot:3    | Noticed a dread lich
 91498 | Zot:3    | Killed a dread lich
 91515 | Zot:3    | Killed a dread lich
 91580 | Zot:3    | Noticed a dread lich
 91584 | Zot:3    | Killed a dread lich
 91652 | Zot:3    | Noticed a dread lich
 91661 | Zot:3    | Killed a dread lich
 92312 | Elf:3    | Bought the amulet of Vitality {RegenMP++ Regen++} for 1800
                  | gold pieces
 92312 | Elf:3    | Found the amulet of Vitality {RegenMP++ Regen++}
 93041 | Zot:4    | Noticed an orb of fire
 93048 | Zot:3    | Killed an orb of fire
 93713 | Zot:4    | Reached skill level 27 in Invocations
 95059 | Zot:5    | Entered Level 5 of the Realm of Zot
 95294 | Zot:5    | Noticed Heoriaro's ghost (legendary GnFi)
 95496 | Zot:5    | Found a runed translucent gate.
 95502 | Zot:5    | Found a runed translucent gate.
 95502 | Zot:5    | Found a runed translucent gate.
 96113 | Zot:5    | Killed Heoriaro's ghost
 96135 | Zot:5    | Identified the +1 hat of Makhleb's Approval {Str+6}
 96206 | Zot:5    | Noticed a dread lich
 96224 | Zot:5    | Killed a dread lich
 96323 | Zot:5    | Noticed an orb of fire
 96323 | Zot:5    | Noticed a dread lich
 96329 | Zot:5    | Killed an orb of fire
 96344 | Zot:5    | Reached XP level 27. HP: 312/319 MP: 1/40
 96517 | Zot:5    | Killed a dread lich
 96764 | Zot:5    | Noticed a dread lich
 96771 | Zot:5    | Killed a dread lich
 97112 | Zot:5    | Paralysed by a Zot trap for 5 turns
 97188 | Zot:5    | Noticed an ancient lich
 97196 | Zot:5    | Killed an ancient lich
 97574 | Zot:5    | Noticed an orb of fire
 97589 | Zot:5    | Gained mutation: You possess an exceptional clarity of
                  | mind. [an orb of fire]
 97592 | Zot:5    | Killed an orb of fire
 98292 | Crypt:1  | Entered Level 1 of the Crypt
 98573 | Crypt:1  | Noticed Boris
 98577 | Crypt:1  | Killed Boris
100145 | Crypt:3  | Entered Level 3 of the Crypt
100626 | Crypt:3  | Found an ancient bone altar of Kikubaaqudgha.
100894 | Crypt:3  | Got the Codex of Clouds
100965 | Crypt:3  | Identified the ring of Amorality {rPois rN+ Will- Int+4
                  | Dex+6 Stlth+}
100965 | Crypt:3  | Identified the ring of Komunwot {rN+ Int+5}
100965 | Crypt:3  | Identified the ring "Wikib" {rElec rPois rN+ Str+3 Dex+3}
101287 | Crypt:3  | Noticed Jory
101333 | Crypt:3  | Killed Jory
101416 | Crypt:3  | Found a staircase to the Tomb.
101537 | Crypt:3  | Identified the ring "Hanihea" {+Blink rF++ MP+9}
102013 | Hell     | Entered the Vestibule of Hell
102013 | Hell     | Noticed Geryon
102134 | Hell     | Noticed Murray
102138 | Hell     | Killed Murray
102241 | Hell     | Killed Geryon
102521 | Depths:1 | Reached skill level 27 in Fighting
102695 | Hell     | Found a gateway to the ashen valley of Gehenna.
102773 | Hell     | Found a gateway to the decaying netherworld of Tartarus.
102875 | Hell     | Found a gateway to the freezing wastes of Cocytus.
102962 | Hell     | Found a gateway to the Iron City of Dis.
102999 | Hell     | Found a gateway to the Iron City of Dis.
103060 | Hell     | Found a gateway to the decaying netherworld of Tartarus.
103119 | Hell     | Found a gateway to the freezing wastes of Cocytus.
103193 | Hell     | Found a gateway to the ashen valley of Gehenna.
103452 | Orc:1    | Bought shimmering fire dragon scales for 2015 gold pieces
103452 | Orc:1    | Identified the +11 fire dragon scales of Hide-and-Seek
                  | {rF++ rC- rCorr Str-3 Int+4 SInv} (You bought it in a shop
                  | on level 1 of the Orcish Mines)
104585 | D:2      | Found a faded altar of an unknown god.
105473 | D:3      | Found a sparkling altar of Nemelex Xobeh.
106221 | D:5      | Found a stormy altar of Qazlal.
106282 | D:5      | Found a staircase to the Ecumenical Temple.
106462 | D:5      | Found a bloodstained altar of Trog.
107188 | D:7      | Found a shadowy altar of Dithmenos.
107372 | D:7      | Found a hide-covered altar of Uskayaw.
107782 | D:8      | Found a burning altar of Makhleb.
107798 | D:8      | Found an ornate altar of the Wu Jian Council.
108120 | D:9      | Found a snail-covered altar of Cheibriados.
108120 | D:9      | Found a broken altar of Ashenzari.
108523 | D:10     | Found a staircase to the Lair.
110481 | Geh:1    | Entered Level 1 of Gehenna
111302 | Geh:3    | Noticed an ancient lich
111308 | Geh:3    | Killed an ancient lich
111756 | Geh:4    | Reached skill level 15 in Throwing
112228 | Geh:6    | Noticed an ancient lich
112437 | Geh:6    | Killed an ancient lich
112585 | Geh:7    | Entered Level 7 of Gehenna
114177 | Geh:7    | Found the +7 sceptre of Asmodeus
114177 | Geh:7    | Noticed Asmodeus
114202 | Geh:7    | HP: 24/511 [balrug/fireball[Asmodeus] (5)]
114202 | Geh:7    | HP: 4/511 [Asmodeus/the +7 sceptre of Asmodeus (20)]
114202 | Geh:7    | Slain by a Brimstone Fiend

Illustrated notes

Levels and vault maps discovered:
D:1:      dpeg_arrival_simpleton_c, layout_basic
D:2:      layout_loops_cross, shapermc_ecumenical_altar_starsandcircs,
          minmay_misc_feat_tower, minmay_misc_feat_plants,
          nicolae_figureground_pulse, uniq_sigmund, uniq_jessica
D:3:      layout_basic, nemelex_dance_club_becter
D:4:      layout_cave_pools, dk_vineyard_3
D:5:      layout_gridville, mainiacjoe_overflow_surrounded_room,
          mainiacjoe_overflow_alcove_1, temple_doors_e, gammafunk_ghost_split,
          enter_ossuary_3, lemuel_flame_loot_1
D:6:      layout_rooms, uniq_blork_the_orc
D:7:      minmay_clustersquares, layout_basic, nicolae_overflow_crystal_walls,
          mainiacjoe_overflow_brackets, minivault_5
D:8:      layout_loops_ring, nicolae_overflow_hidden_temple,
          nzn_makhleb_speed_demon, serial_shops, shop, uniq_maurice
D:9:      layout_roguey, chequers_temple_overflow_statue_of_worship, zin_angel,
          amcnicky_mini_pool_small
D:10:     layout_rooms, minmay_lair_entry_grove
D:11:     layout_basic, amcnicky_mini_corridor_feature, serial_nicolae_subway,
          nicolae_sub_station_crystal, nicolae_sub_station_stone,
          nicolae_sub_station_metal
D:12:     layout_roguey, hiddenorc2_lemuel, nicolae_shop_vocational
D:13:     layout_rooms, skrybe_vaults_entry_preservation
D:14:     evilmike_diamond_2, layout_stronghold, minmay_hedge_maze
D:15:     grunt_enter_depths_hoard, layout_irregular_city, serial_shops,
          nicolae_shop_statue_plus, nicolae_elyvilon_temple_path
Temple:   zaba_magenta_temple
Lair:1:   layout_regular_city
Lair:2:   layout_regular_city, shoals_dummy_entry,
          minmay_snake_entry_six_corridors, lemuel_old_faithful
Lair:3:   layout_loops_ring, cheibrodos_lair_caveside_slide, uniq_urug
Lair:4:   layout_misc_corridors, gauntlet_entry_generic, lemuel_fruit_tree,
          serial_bayou_shore_a
Lair:5:   grunt_lair_end_beastmaster, layout_regular_city, slime_entry_1,
          chequers_serial_rivers_room_a
Shoals:1: layout_shoals
Shoals:2: layout_shoals, serial_shops, bzr_firewalk,
          nicolae_shoals_elemental_ambush
Shoals:3: layout_shoals, serial_shops, shop
Shoals:4: shoals_end_grunt_garden, layout_shoals
Snake:1:  layout_chambers, nicolae_snake_salamander_stairs, minmay_shoptagon
Snake:2:  layout_onion
Snake:3:  layout_honeycomb, uniq_agnes
Snake:4:  minmay_snake_end_coiled, layout_cave_town, serial_bayou,
          serial_bayou_pond_a, serial_bayou_lagoon_a, serial_bayou_pond_d,
          serial_bayou_ford_a, uniq_aizul, uniq_mlioglotl
Slime:1:  layout_caves, nicolae_slime_phagocytosis
Slime:2:  cheibrodos_slime_lost_civilization_1, layout_caves
Slime:3:  layout_caves, nicolae_slime_round_cave
Slime:4:  layout_caves
Slime:5
Orc:1:    layout_caves, serial_shops, nicolae_shop_waterfront
Orc:2:    grunt_orc_community_town_hall, layout_diamond_mine,
          grunt_orc_community_big_house_2, grunt_orc_community_big_house_1,
          grunt_orc_community_house_1, grunt_orc_community_house_1,
          grunt_orc_community_house_2, grunt_orc_community_house_1,
          grunt_orc_community_house_3, basic_altar
Elf:1:    layout_loops_ring, serial_shops, nicolae_square_shop, orc_legates
Elf:2:    nicolae_elf_blades_splatter_lattice [nicolae_blade_entry_pointy_end],
          layout_loops_cross, serial_shops, shop
Elf:3:    minmay_elf_hall_curves, layout_onion_city, grunt_ministairs_5,
          minivault_5, minmay_shop_grove
Vaults:1: nicolae_vaults_arrows, vaults_room_stairs_pillars,
          hangedman_vaults_cutoff, grunt_vaults_funnel, v_misc_33, v_misc_32,
          v_misc_30, nicolae_vaults_little_squares_3, layout_vaults_omnibox
Vaults:2: minmay_crypt_entry_nasty_monster, vaults_mumra_hex,
          hangedman_vaults_stretched_pinwheel, nicolae_vaults_holding_cells,
          hangedman_vaults_impose, vaults_dpeg_encased_lava, v_misc_18,
          layout_vaults_omnigrid, serial_shops, nicolae_diamond_shop, shop,
          nicolae_square_shop, shop
Vaults:3: vaults_room_pools, grunt_vaults_twisty, v_misc_5, vaults_room_corners,
          vaults_dpeg_spiral, v_misc_29, v_misc_10, nicolae_vaults_rhombus_6,
          nicolae_vaults_network_barrier, vaults_room_mumra_shop_pool,
          nicolae_vaults_little_squares_3, nicolae_vaults_little_squares_4,
          layout_vaults_big_room, serial_shops, nicolae_shop_window_shopping,
          uniq_sojobo, uniq_mara, uniq_boris
Vaults:4: v_alt_pattern_6, hangedman_vaults_slither, vaults_dpeg_doors,
          hangedman_vaults_slice, v_alt_pattern_3, hangedman_vaults_variations,
          nicolae_vaults_theta, grunt_vaults_hallway_long,
          nicolae_vaults_ninety_degrees, grunt_vaults_diagonal,
          ontoclasm_vaults_idyll, v_misc_10, nicolae_vaults_little_squares_3,
          layout_vaults_maze_snakey, uniq_frederick
Vaults:5
Crypt:1:  layout_misc_corridors, minivault_19
Crypt:2:  layout_misc_corridors
Crypt:3:  grunt_crypt_end_deaths_head
Depths:1: emtedronai_trogs_sanctum, layout_gridlike, enter_ziggurat_a,
          hell_entry, serial_sigils_hangedman_shear, minmay_serpent_palace
Depths:2: minmay_broken_ring, layout_cave_shapes,
          nicolae_hell_entry_hellmouth_sunbeams, minmay_strange_pillars,
          abyss_entry_crystal, rand_demon_pan_entry_5, kennysheep_four_rooms
Depths:3: minmay_the_grid_plus [minmay_the_grid_box_x, minmay_the_grid_square_x,
          minmay_the_grid_dragon_a, minmay_the_grid_tiny_cups,
          minmay_the_grid_prize_inner_circle], layout_cave_shapes,
          nicolae_abyss_entry_one_way_or_another, hellmouth_1,
          hangedman_abyss_or_decor_stagger, uniq_josephina
Depths:4: grunt_zot_entry_hairpin, layout_cave_shapes, grunt_hell_entry_dis_old,
          ashenzari_altar_1
Hell
Geh:1:    layout_gehenna_pools_basic
Geh:2:    layout_gehenna_lava_caves
Geh:3:    layout_gehenna_pools_triple
Geh:4:    layout_gehenna_pools_box, nicolae_geh_lavax
Geh:5:    layout_gehenna_lava_caves
Geh:6:    nicolae_geh_gridlava [nicolae_sub_geh_gridintersect,
          nicolae_sub_geh_gridintersect, nicolae_sub_geh_gridintersect,
          nicolae_sub_geh_gridintersect], layout_gehenna_pools_basic
Geh:7:    geh_hangedman
Zot:1:    nicolae_moth_party, layout_misc_corridors
Zot:2:    hangedman_zot_vaults_quadrants, layout_onion_interference
Zot:3:    hellmonk_paralyzer, layout_gridlike, uniq_vv
Zot:4:    kennysheep_six_static_rooms, layout_twisted_circle,
          hangedman_elemental_corridor
Zot:5:    layout_cathedral_of_symmetry, gammafunk_ghost_split,
          hangedman_zot_decor_tridents

Skill      XL: |  1  2  3  4  5  6  7  8  9 10 11 12 13 14 15 16 17 18 19 20 21 22 23 24 25 26 27 |
---------------+----------------------------------------------------------------------------------+-----
Long Blades    | 3 4 6 8 10 12 14 17 20 22 25 | 25.5
Shields        | 2 |  2.0
Dodging        | 5 7 9 13 | 13.0
Invocations    | 8 11 20 22 24 27 | 27.0
Stealth        | 4 |  4.2
Fighting       | 3 11 12 14 16 19 20 22 27 | 27.0
Armour         | 7 10 15 17 20 23 | 23.8
Evocations     | 11 14 16 18 | 18.3
Throwing       | 3 10 12 16 | 16.0

Action                   |  1- 3 |  4- 6 |  7- 9 | 10-12 | 13-15 | 16-18 | 19-21 | 22-24 | 25-27 || total
-------------------------+-------+-------+-------+-------+-------+-------+-------+-------+-------++-------
Melee: Long sword        |   112 |       |    75 |       |       |       |    34 |       |   102 ||   323
       Punch             |     2 |       |       |       |       |       |     1 |       |       ||     3
       Dagger            |    12 |    47 |   121 |       |       |       |       |       |       ||   180
       Scimitar          |       |       |   201 |   617 |  1103 |   413 |       |       |       ||  2334
       Triple sword      |       |       |       |       |       |   790 |   932 |  1536 |  2358 ||  5616
       Great sword       |       |       |       |       |       |       |       |    10 |       ||    10
       Unarmed           |       |       |       |       |       |       |       |       |     8 ||     8
Throw: Boomerang         |       |       |       |       |       |       |       |       |     1 ||     1
Invok: Minor Destruction |       |       |       |     2 |    36 |    22 |     2 |    47 |    14 ||   123
       Major Destruction |       |       |       |       |    13 |    23 |     8 |    41 |    53 ||   138
       Greater Servant o |       |       |       |       |     2 |     4 |     5 |     5 |     9 ||    25
       Lesser Servant of |       |       |       |       |       |       |     1 |       |       ||     1
Evoke: Wand              |       |       |     1 |     8 |       |     3 |       |     1 |    13 ||    26
       Lightning rod     |       |       |       |       |       |       |     2 |       |       ||     2
       Condenser vane    |       |       |       |       |       |       |     1 |       |     1 ||     2
  Use: Scroll            |       |     7 |     7 |    11 |    11 |     8 |     6 |     6 |    13 ||    69
       Potion            |       |       |       |     4 |     6 |     2 |     1 |     1 |    14 ||    28
 Stab: Sleeping          |       |       |       |    13 |     2 |       |       |       |       ||    15
       Distracted        |       |       |       |     1 |     1 |     4 |     2 |     2 |     9 ||    19
       Petrified         |       |       |       |       |     9 |       |       |       |       ||     9
       Petrifying        |       |       |       |       |     1 |       |       |       |       ||     1
Armor: Leather armour    |    22 |       |       |       |       |       |       |       |       ||    22
       Ring mail         |    32 |    15 |    62 |    25 |       |       |       |       |       ||   134
       Troll leather arm |       |       |       |    59 |       |       |       |       |       ||    59
       Acid dragon scale |       |       |       |    13 |    23 |       |       |       |       ||    36
       Plate armour      |       |       |       |       |   418 |   563 |   479 |   909 |  1414 ||  3783
       Fire dragon scale |       |       |       |       |       |       |       |       |   272 ||   272
       Skin              |       |       |       |       |       |       |       |       |     1 ||     1
Dodge: Dodged            |    92 |    24 |   187 |   267 |   453 |   500 |   471 |   867 |  1715 ||  4576
Block: Buckler           |       |     2 |   119 |   483 |   938 |   313 |       |       |    52 ||  1907
       Reflection        |       |       |       |    13 |    70 |    82 |    28 |    30 |     2 ||   225
       Other             |       |       |       |       |       |   322 |   264 |   485 |   260 ||  1331
